 Dungeon Crawl Stone Soup version 0.21-a0-426-g98080a9 (webtiles) character file.

588 Dorkslayer the Chopper (level 7, -2/62 HPs)
             Began as a Deep Dwarf Fighter on Nov 5, 2017.
             Was an Initiate of Elyvilon.
             Slain by a gnoll
             ... wielding a +0 halberd
              (8 damage)
             ... on level 4 of the Dungeon.
             The game lasted 00:13:09 (2819 turns).

Dorkslayer the Chopper (Deep Dwarf Fighter)         Turns: 2819, Time: 00:13:10

Health: -2/62      AC: 10    Str: 22    XL:     7   Next: 15%
Magic:  5/5        EV:  7    Int:  8    God:    Elyvilon [......]
Gold:   174        SH:  9    Dex: 10    Spells: 6/6 levels left

rFire    . . .     SeeInvis .   a - +1 war axe
rCold    . . .     Gourm    .   c - +0 shield
rNeg     . . .     Faith    .   h - +0 chain mail
rPois    .         Spirit   .   b - +1 hat
rElec    .         Reflect  .   (no cloak)
rCorr    .         Harm     .   (no gloves)
MR       +....                  (no boots)
Stlth    ..........             (no amulet)
HPRegen  0.00/turn              (no ring)
MPRegen  0.09/turn              (no ring)

@: non-regenerating
A: damage resistance, heal wounds, horns 1, thin skeletal structure 1, clumsy 2,
high mp 1, sense surroundings 1, no regeneration
a: Heal Wounds, Renounce Religion


You were on level 4 of the Dungeon.
You worshipped Elyvilon.
Elyvilon was noncommittal.
You were not hungry.

You visited 2 branches of the dungeon, and saw 5 of its levels.

You collected 174 gold pieces.

Inventory:

Hand Weapons
 a - a +1 war axe (weapon)
Missiles
 i - 8 tomahawks (quivered)
Armour
 b - a +1 hat (worn)
 c - a +0 shield (worn)
 h - a +0 chain mail (worn)
Wands
 k - a wand of acid (6/15)
Scrolls
 d - a scroll of magic mapping
 j - 2 scrolls of fog
Potions
 e - a potion of cancellation
Comestibles
 f - 4 bread rations
 g - a royal jelly
 l - 5 chunks of flesh
 m - 2 meat rations


   Skills:
 + Level 3.5 Fighting
 + Level 5.3 Axes
 + Level 2.0 Throwing
 + Level 4.2 Armour
 * Level 3.1 Dodging
 + Level 4.4 Shields
 * Level 1.4 Evocations


You had 6 spell levels left.
You didn't know any spells.

Dungeon Overview and Level Annotations

Branches:
Dungeon (4/15)             Temple (1/1) D:4

Altars:
Ashenzari
Cheibriados
Dithmenos
Elyvilon
Fedhas
Kikubaaqudgha
Qazlal
Trog
Vehumet
Xom

Annotations:
D:3 Blork the orc


Innate Abilities, Weirdness & Mutations

You are resistant to damage.
You can heal yourself by infusing magical energy.
You passively map a small area around you.
You do not regenerate.
You have a pair of small horns on your head.
You have a somewhat thin skeletal structure. (Dex +2, Stealth)
You are very clumsy. (Dex -4)
You have an increased reservoir of magic. (+10% MP)


Message History

You block the gnoll's attack.
You hit the gnoll but do no damage. You headbutt the gnoll!
The gnoll is heavily wounded.
You block the gnoll's attack. The gnoll hits you but does no damage.
You block the gnoll's attack.
You completely miss the gnoll. Your headbutt misses the gnoll.
The gnoll is heavily wounded.
The gnoll hits you but does no damage. x2
The gnoll hits you from afar with a halberd!
* * * LOW HITPOINT WARNING * * *
Your chain mail prevents you from hitting the gnoll.
You headbutt the gnoll.
The gnoll is severely wounded.
The gnoll hits you but does no damage.
The gnoll hits you from afar with a halberd!
* * * LOW HITPOINT WARNING * * *
You slash the gnoll!
You kill the gnoll!
The gnoll hits you from afar with a halberd!
You die...

*#######.#######**
* *
,............... ,
, ≈≈≈≈≈≈....≈≈≈≈≈≈
≈ ≈ ≈ ,
≈≈≈≈≈....≈≈≈≈≈≈ ≈
≈≈ ≈
≈≈≈≈≈....≈≈≈≈≈≈ ≈
≈ ≈
..............., ,
, *≈ ,
#####''''######
###### *
#....#######.....#
,
+....'....@).....#
≈
#....#######g....#
≈ * ##++## ######,
≈ ≈, ,, , , + , ,
, , , , , ,, , , *
*, , , , , , ≈≈


You could see a gnoll.

Vanquished Creatures
  An ogre (D:4)
  An orc priest (D:4)
  2 orc wizards (D:4)
  Natasha (thrice) (D:2)
  3 worker ants
  6 gnolls (D:4)
  8 adders
  2 shadow imps (D:4)
  An ooze (D:1)
  An adder skeleton (D:4)
  3 worms
  4 dart slugs
  2 leopard geckos
  4 orcs
  6 giant cockroaches
  8 goblins
  11 hobgoblins
  7 jackals
  11 kobolds
  5 quokkas
  7 bats
  2 frilled lizards
  14 rats
112 creatures vanquished.

Notes
Turn   | Place    | Note
-------+----------+-------------------------------------------
     0 | D:1      | Dorkslayer the Deep Dwarf Fighter began the quest for the Orb.
     0 | D:1      | Reached XP level 1. HP: 20/20 MP: 1/1
    76 | D:1      | Reached XP level 2. HP: 20/27 MP: 2/2
   473 | D:1      | Reached XP level 3. HP: 18/33 MP: 3/3
   495 | D:1      | Reached skill level 1 in Dodging
   863 | D:2      | Reached skill level 3 in Axes
   863 | D:2      | Reached XP level 4. HP: 13/42 MP: 4/4
  1016 | D:2      | Noticed Natasha
  1027 | D:2      | Killed Natasha
  1027 | D:2      | Reached skill level 1 in Throwing
  1078 | D:2      | Noticed Natasha
  1090 | D:2      | Killed Natasha
  1091 | D:2      | Reached XP level 5. HP: 13/49 MP: 5/5
  1223 | D:2      | Noticed Natasha
  1233 | D:2      | Killed Natasha
  1267 | D:2      | Reached skill level 4 in Axes
  1960 | D:3      | Noticed Blork the orc
  2103 | D:4      | Noticed an ogre
  2118 | D:4      | Killed an ogre
  2118 | D:4      | Reached XP level 6. HP: 17/56 MP: 6/6
  2215 | D:4      | Found a staircase to the Ecumenical Temple.
  2333 | Temple   | Entered the Ecumenical Temple
  2349 | Temple   | Became a worshipper of Elyvilon the Healer
  2560 | D:4      | Reached skill level 5 in Axes
  2561 | D:4      | Gained mutation: Armour fits poorly on your strangely shaped body. [potion of mutation]
  2561 | D:4      | Gained mutation: You have an increased reservoir of magic. (+10% MP) [potion of mutation]
  2561 | D:4      | Gained mutation: You are clumsy. (Dex -2) [potion of mutation]
  2561 | D:4      | Gained mutation: You have a pair of small antennae on your head. [potion of mutation]
  2562 | D:4      | Lost mutation: You have a pair of small antennae on your head. [potion of mutation]
  2562 | D:4      | Lost mutation: Armour fits poorly on your strangely shaped body. [potion of mutation]
  2562 | D:4      | Gained mutation: You are very clumsy. (Dex -4) [potion of mutation]
  2562 | D:4      | Gained mutation: You have a somewhat thin skeletal structure. (Dex +2, Stealth) [potion of mutation]
  2562 | D:4      | Gained mutation: You have a pair of small horns on your head. [potion of mutation]
  2563 | D:4      | Reached skill level 1 in Evocations
  2567 | D:4      | Reached XP level 7. HP: 17/62 MP: 4/6
  2819 | D:4      | Slain by a gnoll

Vault maps used:
D:1:      minmay_arrival_diagonal_passages, minmay_misc_feat_rows
D:2:      uniq_natasha
D:3:      tgw_sif
D:4:      lemuel_castle_with_subvaults, minmay_temple_entry_junction,
          first_bread, uniq_grinder
Temple:   regret_index_temple_mists

Skill      XL: |  1  2  3  4  5  6  7 |
---------------+----------------------+-----
Dodging        | 1 2 3 |  3.1
Fighting       | 3 |  3.5
Axes           | 3 4 5 |  5.3
Throwing       | 1 2 |  2.0
Shields        | 4 |  4.4
Armour         | 4 |  4.2
Evocations     | 1 |  1.4

Action                   |  1- 3 |  4- 6 |  7- 9 || total
-------------------------+-------+-------+-------++-------
Melee: War axe           |    98 |   240 |    34 ||   372
       Headbutt          |       |       |     7 ||     7
 Abil: Heal Wounds       |       |     5 |     1 ||     6
Evoke: Wand              |       |     1 |       ||     1
  Use: Scroll            |     6 |     2 |       ||     8
       Potion            |     2 |     8 |       ||    10
  Eat: Chunk             |       |     6 |     1 ||     7
Armor: Scale mail        |    35 |       |       ||    35
       Chain mail        |       |   111 |    30 ||   141
Dodge: Dodged            |    24 |    52 |    10 ||    86
Block: Shield            |    33 |   129 |    25 ||   187

Table legend:
 A = Spawn XP
 B = Non-spawn XP
 C = Spawn XP percentage of total XP
 D = Spawn monster count
 E = Non-spawn monster count
 F = Spawn count percentage of total count
 G = Total turns spent on level
                    A         B        C        D         E        F      G
               +---------+---------+-------+---------+---------+-------+---------
         Total |       0 |     840 |   0.0 |       0 |     112 |   0.0 |  2819
               +---------+---------+-------+---------+---------+-------+---------
           D:1 |       0 |      55 |   0.0 |       0 |      28 |   0.0 |   769
           D:2 |       0 |     203 |   0.0 |       0 |      24 |   0.0 |   648
           D:3 |       0 |     105 |   0.0 |       0 |      32 |   0.0 |   684
           D:4 |       0 |     477 |   0.0 |       0 |      28 |   0.0 |   677
               +---------+---------+-------+---------+---------+-------+---------
